 Dungeon Crawl Stone Soup version 0.26.0-10-g1f06aea511 (webtiles) character file.

Game seed: 13717470214938571548

840 Borgoz the Slasher (level 8, 0/67 HPs)
             Began as a Ghoul Gladiator on Jan 15, 2021.
             Slain by an orc wizard
             ... wielding a +2 dagger of venom
              (3 damage)
             ... on level 5 of the Dungeon.
             The game lasted 00:08:37 (5777 turns).

Borgoz the Slasher (Ghoul Gladiator)                Turns: 5777, Time: 00:08:38

Health: 0/67       AC:  6    Str: 18    XL:     8   Next: 0%
Magic:  7/7        EV: 12    Int: -1    God:
Gold:   80         SH:  0    Dex: 12    Spells: 7/7 levels left

rFire    . . .     SeeInvis .   a - +1 long sword
rCold    + . .     Faith    .   (no shield)
rNeg     + + +     Spirit   .   n - +0 ring mail
rPois    ∞         Reflect  .   c - +0 helmet
rElec    .         Harm     .   (no cloak)
rCorr    .         Rampage  .   (no gloves)
Will     .....                  (no boots)
Stlth    +.........             (no amulet)
HPRegen  0.00/turn              g - -4 ring of intelligence (curse)
MPRegen  0.10/turn              (no ring)

@: mighty, slowed, lost intelligence, very slow
A: claws 1, cold resistance 1, negative energy resistance 3, inhibited
regeneration, torment resistance, unbreathing
a: no special abilities


You were on level 5 of the Dungeon.
You visited 1 branch of the dungeon, and saw 5 of its levels.

You collected 216 gold pieces.
You spent 136 gold pieces at shops.

Inventory:

Hand Weapons
 a - a +1 long sword (weapon)
 b - a +0 great sword
Missiles
 d - a throwing net (quivered)
Armour
 c - a +0 helmet (worn)
 n - a +0 ring mail (worn)
Jewellery
 e - an uncursed amulet of faith
 g - a cursed -4 ring of intelligence (left claw)
 j - an uncursed ring of flight
Scrolls
 k - a scroll of magic mapping
Potions
 f - a potion of flight
 h - a potion of cancellation
 m - a potion of resistance


   Skills:
 + Level 4.6 Fighting
 * Level 5.7 Long Blades
 - Level 1.7 Throwing
 + Level 3.2 Armour
 + Level 4.4 Dodging


You had 7 spell levels left.
You didn't know any spells.
Your spell library contained the following spells:

 Spells                   Type           Power        Failure   Level
 Animate Skeleton         Necr           0%           78%         1
 Apportation              Tloc           0%           78%         1
 Corona                   Hex            0%           78%         1
 Magic Dart               Conj           0%           78%         1
 Summon Small Mammal      Summ           0%           78%         1
 Blink                    Tloc           N/A          89%         2
 Call Imp                 Summ           0%           89%         2
 Slow                     Hex            0%           89%         2
 Conjure Flame            Conj/Fire      0%           98%         3
 Mephitic Cloud           Conj/Pois/Air  0%           98%         3


Dungeon Overview and Level Annotations

Branches:
Dungeon (5/15)
 Temple: D:4-7

Altars:
Cheibriados
Fedhas
Ru
Sif Muna

Shops:
D:4 (


Innate Abilities, Weirdness & Mutations

You thrive by killing the living.
You are immune to poison.
You have sharp fingernails.
Your flesh is cold resistant. (rC+)
You are immune to negative energy. (rN+++)
You do not regenerate when monsters are visible.
You are immune to unholy pain and torment.
You can survive without breathing.


Message History

The orc hits you with a +0 flail.
* * * LOW HITPOINT WARNING * * *
You slash the orc!
You kill the orc!
You feel better. Something hits you.
* * * LOW HITPOINT WARNING * * *
Something hits you but does no damage. x2
You slash the orc!
You kill the orc!
You feel better.
You hear some strange, mumbled words.
A puff of frost appears from out of thin air!
The puff of frost misses you.
You hear some strange, mumbled words.
A magic dart appears from out of thin air!
The magic dart hits you.
* * * LOW HITPOINT WARNING * * *
You have reached level 8!
You miss something. Something hits you.
You die...

#..##.####.####.## #.#
#..##.##.....##..#### #.#
#.....#.......#†....###.###
#...>.#.......#...#........
#........._.....#...###.##.
#.....#.......#.##### #....
##....#.......#.# #..##
##.#.##.....##.# #..#
#.#.####@####.. ##(##
#.#.....{)...... #...
#.#.######...... ##.# ..
...... ####... .....
+...... ..... ####... ....
##.# .... #.# ### #.#


There were no monsters in sight!

Vanquished Creatures
  A sky beast (D:5)
  An ice beast (D:5)
  An ogre (D:5)
  2 phantoms (D:5)
  An orc priest (D:3)
  A hound (D:5)
  2 orc wizards (D:5)
  A worker ant (D:5)
  A hound skeleton (D:4)
  A howler monkey zombie (D:5)
  10 adders
  An ooze (D:1)
  2 worms
  2 dart slugs (D:2)
  2 leopard geckos
  18 orcs
  8 bats
  3 giant cockroaches
  8 goblins
  9 hobgoblins
  7 jackals
  7 quokkas
  A ball python (D:2)
  9 frilled lizards
  9 kobolds
  A leopard gecko skeleton (D:5)
  A leopard gecko zombie (D:3)
  A quokka skeleton (D:5)
  6 rats
117 creatures vanquished.

Vanquished Creatures (others)
  30 plants (D:5)
30 creatures vanquished.

Grand Total: 147 creatures vanquished

Notes
Turn   | Place    | Note
-------+----------+-------------------------------------------
     0 | D:1      | Borgoz the Ghoul Gladiator began the quest for the Orb.
     0 | D:1      | Reached XP level 1. HP: 17/17 MP: 0/0
   127 | D:1      | Reached XP level 2. HP: 15/25 MP: 1/1
   304 | D:1      | Reached skill level 3 in Long Blades
   528 | D:1      | Reached XP level 3. HP: 30/30 MP: 2/2
  1073 | D:2      | Reached skill level 1 in Armour
  1254 | D:2      | Reached XP level 4. HP: 15/37 MP: 3/3
  1435 | D:2      | Found a snail-covered altar of Cheibriados.
  2453 | D:3      | Reached XP level 5. HP: 40/45 MP: 4/4
  2704 | D:3      | Reached skill level 4 in Long Blades
  3265 | D:3      | Found a shimmering blue altar of Sif Muna.
  3360 | D:3      | Found a sacrificial altar of Ru.
  4122 | D:4      | Found Kuala's Antique Weapon Emporium.
  4124 | D:4      | Lost intelligence.
  4134 | D:4      | Bought a great sword for 136 gold pieces
  4238 | D:4      | Reached XP level 6. HP: 51/51 MP: 5/5
  4511 | D:5      | Entered Level 5 of the Dungeon
  4863 | D:5      | Noticed an ice beast
  4874 | D:5      | Killed an ice beast
  4900 | D:5      | Noticed a sky beast
  4911 | D:5      | Killed a sky beast
  4912 | D:5      | Reached skill level 5 in Long Blades
  4912 | D:5      | Reached XP level 7. HP: 15/59 MP: 6/6
  5732 | D:5      | Found a blossoming altar of Fedhas.
  5774 | D:5      | HP: 3/60 [something/magic dart (7)]
  5777 | D:5      | Reached XP level 8. HP: 3/67 MP: 7/7
  5777 | D:5      | Slain by an orc wizard

Illustrated notes

Levels and vault maps discovered:
D:1:      shiori_arrival_maze, layout_loops_cross
D:2:      layout_loops_cross, marbit_many_paths, minmay_quantized
D:3:      layout_loops_ring, led_sif_pool, nicolae_overflow_crystal_walls
D:4:      layout_basic, serial_shops, nicolae_shop_waterfront
D:5:      layout_loops_corners, old_standard_altar,
          chequers_temple_overflow_statue_of_worship, basic_altar,
          kennysheep_boxes

Skill      XL: |  1  2  3  4  5  6  7 |
---------------+----------------------+-----
Long Blades    | 3 4 5 |  5.7
Dodging        | 3 4 |  4.4
Armour         | 1 2 3 |  3.2
Fighting       | 3 4 |  4.6
Throwing       | |  1.7

Action                   |  1- 3 |  4- 6 |  7- 9 || total
-------------------------+-------+-------+-------++-------
Melee: Long sword        |    97 |   291 |    51 ||   439
       Great sword       |       |       |    15 ||    15
Throw: Throwing net      |       |       |     2 ||     2
  Use: Scroll            |     1 |    15 |       ||    16
       Potion            |       |     2 |     2 ||     4
 Stab: Sleeping          |     1 |       |       ||     1
Armor: Leather armour    |    37 |     2 |       ||    39
       Ring mail         |       |   129 |    42 ||   171
Dodge: Dodged            |    67 |   257 |    61 ||   385
       Rpst.: Long sword |    23 |    82 |    14 ||   119
       Great sword       |       |       |     5 ||     5
